 Dungeon Crawl Stone Soup version 0.25.1-2-g60ff931df9 (webtiles) character file.

Game seed: 6852918547305367788

440 nikku the Chiller (level 6, 0/32 HPs)
             Began as a Deep Elf Ice Elementalist on Nov 22, 2020.
             Killed from afar by an orc wizard (13 damage)
             ... with a puff of flame
             ... on level 4 of the Dungeon on Nov 24, 2020.
             The game lasted 00:17:04 (4089 turns).

nikku the Chiller (Deep Elf Ice Elementalist)       Turns: 4089, Time: 00:17:05

Health: 0/32       AC:  6    Str:  7    XL:     6   Next: 70%
Magic:  12/17      EV: 15    Int: 20    God:
Gold:   171        SH:  0    Dex: 15    Spells: 13/17 levels left

rFire    . . .     SeeInvis .   a - +5 dagger
rCold    . . .     Gourm    .   (no shield)
rNeg     . . .     Faith    .   u - +1 robe {MR+}
rPois    .         Spirit   .   d - +0 helmet
rElec    .         Reflect  .   (no cloak)
rCorr    .         Harm     .   h - +1 pair of gloves
MR       +....                  (no boots)
Stlth    ++........             (no amulet)
HPRegen  0.10/turn              (no ring)
MPRegen  0.15/turn              (no ring)

@: frozen ramparts
A: no striking features
a: no special abilities


You were on level 4 of the Dungeon.
You were not hungry.

You visited 1 branch of the dungeon, and saw 4 of its levels.

You collected 171 gold pieces.

Inventory:

Hand Weapons
 a - a +5 dagger (weapon)
 b - a cursed -3 whip
Missiles
 g - 31 sling bullets
 s - 16 poisoned darts (quivered)
Armour
 d - a +0 helmet (worn)
 h - a +1 pair of gloves (worn)
 u - a +1 robe of magic resistance (worn)
Magical Staves
 l - an uncursed staff of earth {unknown}
Scrolls
 f - 2 scrolls of blinking
 t - a scroll of remove curse
 w - a scroll of immolation
Potions
 e - a potion of cancellation
 i - 2 potions of haste
 j - a potion of curing {unknown}
 k - a potion of brilliance {unknown}
 n - a potion of berserk rage {unknown}
 o - a potion of magic {unknown}
 p - a potion of degeneration {unknown}
 q - a potion of ambrosia {unknown}
 r - a potion of flight {unknown}
 x - a potion of heal wounds {unknown}
Comestibles
 c - 6 rations
 m - 2 chunks of flesh


   Skills:
 + Level 5.3 Dodging
 - Level 2.4 Stealth
 + Level 6.1 Spellcasting
 + Level 6.2 Ice Magic


You had 13 spell levels left.
You knew the following spells:

 Your Spells              Type           Power        Failure   Level  Hunger
a - Freeze                Ice            ####         1%          1    None
c - Frozen Ramparts       Ice            ####..       2%          3    ##.....

Your spell library contained the following spells:

 Spells                   Type           Power        Failure   Level  Hunger
 Ozocubu's Armour         Chrm/Ice       ###.....     9%          3    ##.....
 Hailstorm                Conj/Ice       ###.....     28%         4    ####...
 Summon Ice Beast         Ice/Summ       ###.....     28%         4    ####...


Dungeon Overview and Level Annotations

Branches:
Dungeon (4/15)
 Temple: D:4-7

Altars:
Elyvilon
Qazlal
Xom


Message History

The walls around you are covered in ice.
The wall freezes the orc.
The wall freezes the orc!
You kill the orc!
The wall freezes the orc wizard.
The orc wizard gestures at you while chanting.
The magic dart hits you but does no damage.
The orc priest calls down the wrath of Beogh upon you.
Beogh smites you!
Saving game... please wait.
Welcome back, nikku the Deep Elf Ice Elementalist.
Press ? for a list of commands and other information.
The wall freezes the orc wizard.
The wall freezes the orc wizard.
The frozen ramparts melt away.
Cast which spell? (? or * to list)
The walls around you are covered in ice.
The wall freezes the orc wizard.
The orc wizard gestures at you while chanting.
The puff of flame hits you!
You die...

######..# o(..
#....>..# .....
##.##...## #..o.#
#.##....## #.....#
#.##.....# ......#
#.##.#########......#
#.##..o....oo'......+
#.###.##.#####......#
#.#..@##.# ......#
#.#.####.# ##########
#......#.# #.......#
###....#.# #.......#
#....#.# #.......#
#....#.# #.......#
#....#.# #.......#
#....#.# #.......#
#....#.# #.......#


You could see an orc wizard.

Vanquished Creatures
  Sigmund (D:3)
  A scorpion (D:4)
  An orc priest (D:4)
  Jessica (D:2)
  Robin (D:2)
  A gnoll (D:1)
  5 adders
  An ooze (D:3)
  4 worms
  2 dart slugs (D:1)
  A leopard gecko (D:2)
  11 orcs
  A ball python (D:3)
  5 giant cockroaches
  14 goblins
  9 hobgoblins
  6 jackals
  9 kobolds
  A quokka (D:2)
  6 bats
  5 rats
86 creatures vanquished.

Notes
Turn   | Place    | Note
-------+----------+-------------------------------------------
     0 | D:1      | nikku the Deep Elf Ice Elementalist began the quest for the
                  | Orb.
     0 | D:1      | Reached XP level 1. HP: 10/10 MP: 6/6
   128 | D:1      | Reached XP level 2. HP: 15/15 MP: 4/8
   494 | D:1      | Reached XP level 3. HP: 9/19 MP: 1/10
   854 | D:1      | Learned a level 3 spell: Frozen Ramparts
  1379 | D:2      | Noticed Robin
  1390 | D:2      | Reached skill level 5 in Ice Magic
  1396 | D:2      | Killed Robin
  1396 | D:2      | Reached XP level 4. HP: 14/24 MP: 0/12
  2084 | D:2      | Found a shimmering altar of Xom.
  2084 | D:2      | Found a shimmering altar of Xom.
  2085 | D:2      | Found a shimmering altar of Xom.
  2085 | D:2      | Found a shimmering altar of Xom.
  2085 | D:2      | Found a shimmering altar of Xom.
  2086 | D:2      | Found a shimmering altar of Xom.
  2260 | D:2      | Noticed Jessica
  2264 | D:2      | Killed Jessica
  2327 | D:2      | Reached XP level 5. HP: 28/28 MP: 10/14
  3009 | D:3      | Reached skill level 5 in Spellcasting
  3115 | D:3      | Found a stormy altar of Qazlal.
  3556 | D:3      | Found a white marble altar of Elyvilon.
  3556 | D:3      | Noticed Sigmund
  3567 | D:3      | Killed Sigmund
  3567 | D:3      | Reached skill level 5 in Dodging
  3567 | D:3      | Reached XP level 6. HP: 17/32 MP: 12/16
  4089 | D:4      | Killed from afar by an orc wizard

Illustrated notes

Levels and vault maps discovered:
D:1:      shiori_arrival_elements, layout_basic
D:2:      layout_loops_ring, xom_redecorated, first_ration, uniq_jessica,
          uniq_robin
D:3:      layout_loops_ring, nicolae_overflow_crystal_walls,
          nicolae_qazlal_general_emergency, uniq_sigmund
D:4:      layout_basic, marbit_many_paths, temple_doors_e, trog_hazing_becter

Skill      XL: |  1  2  3  4  5  6 |
---------------+-------------------+-----
Dodging        | 3 4 5 |  5.3
Spellcasting   | 4 5 6 |  6.1
Ice Magic      | 5 6 |  6.2
Stealth        | |  2.4

Action                   |  1- 3 |  4- 6 || total
-------------------------+-------+-------++-------
Melee: Unarmed           |     1 |       ||     1
       Dagger            |     3 |     8 ||    11
Throw: Stone             |     9 |    23 ||    32
       Dart              |       |    41 ||    41
 Cast: Freeze            |    40 |     7 ||    47
       Frozen Ramparts   |     2 |    29 ||    31
  Use: Scroll            |     2 |     8 ||    10
  Eat: Chunk             |     1 |     7 ||     8
       Ration            |       |     1 ||     1
Armor: Robe              |     6 |    11 ||    17
Dodge: Dodged            |    31 |    30 ||    61
